 Dungeon Crawl Stone Soup version 0.27.1-33-g824d729ab1 (webtiles) character file.

Game seed: 2338065584621395241

1185 Altran the Thaumaturge (level 8, -5/41 HPs)
             Began as a Deep Elf Earth Elementalist on Dec 11, 2021.
             Was a Believer of Wu Jian.
             Slain by a wyvern zombie (7 damage)
             ... on level 5 of the Dungeon.
             The game lasted 00:24:43 (7856 turns).

Altran the Thaumaturge (DEEE)                       Turns: 7856, Time: 00:24:44

Health: -5/41      AC:  5    Str:  5    XL:     8   Next: 19%
Magic:  1/23       EV: 13    Int: 26    God:    Wu Jian [**....]
Gold:   278        SH:  0    Dex: 15    Spells: 21/25 levels left

rFire    + . .     SeeInvis .   k - +2 dagger (venom)
rCold    + . .     Faith    .   (no shield)
rNeg     . . .     Spirit   .   b - +0 robe
rPois    +         Reflect  .   l - +1 helmet {Int+3}
rElec    +         Harm     .   (no cloak)
rCorr    +         Rampage  .   r - +0 pair of gloves
Will     .....                  (no boots)
Stlth    +++.......             (no amulet)
HPRegen  0.13/turn              (no ring)
MPRegen  0.18/turn              (no ring)

@: resistant, flying
A: no striking features
a: Renounce Religion, Wall Jump


You were on level 5 of the Dungeon.
You worshipped Wu Jian.
Wu Jian was pleased with you.
You visited 1 branch of the dungeon, and saw 5 of its levels.

You collected 278 gold pieces.

Inventory:

Hand Weapons
 k - a +2 dagger of venom (weapon)
Missiles
 a - 52 bolts
 c - 77 stones
Armour
 b - a +0 robe (worn)
 l - a +1 helmet of intelligence (worn)
 r - a +0 pair of gloves (worn)
Wands
 e - a wand of mindburst (12)
 n - a wand of iceblast (8)
 p - a wand of polymorph (8)
Scrolls
 g - 2 scrolls of fog {unknown}
 h - a scroll of blinking {unknown}
 m - 3 scrolls of identify {unknown}
 q - a scroll of vulnerability {unknown}
 s - a scroll of holy word {unknown}
 t - a scroll of fear {unknown}
Potions
 d - a potion of flight
 f - 2 potions of resistance
 i - a potion of attraction {unknown}
 j - a potion of degeneration {unknown}
 o - 2 potions of lignification {unknown}


   Skills:
 + Level 3.0 Dodging
 + Level 4.1 Stealth
 + Level 9.1 Spellcasting
 + Level 1.7 Conjurations
 - Level 1.1 Transmutations
 + Level 7.6 Earth Magic


You had 21 spell levels left.
You knew the following spells:

 Your Spells              Type           Power      Damage    Failure   Level
a - Sandblast             Erth           100%       2d20      1%          1
b - Stone Arrow           Conj/Erth      72%        3d11      2%          3

Your spell library contained the following spells:

 Spells                   Type           Power      Damage    Failure   Level
 Passwall                 Tmut/Erth      28%        N/A       1%          2
 Foxfire                  Conj/Fire      64%        2x1d7     3%          1
 Shock                    Conj/Air       64%        1d7       3%          1
 Corpse Rot               Necr/Air       N/A        N/A       8%          2
 Petrify                  Tmut/Erth      34%        N/A       9%          4
 Conjure Flame            Conj/Fire      16%        6-21      11%         3
 Inner Flame              Hex/Fire       11%        N/A       16%         3
 Swiftness                Air            11%        N/A       16%         3
 Borgnjor's Vile Clutch   Necr/Erth      15%        N/A       28%         5
 Airstrike                Air            5%         N/A       45%         4
 Animate Dead             Necr           5%         N/A       45%         4
 Cause Fear               Hex            5%         N/A       45%         4
 Dispel Undead            Necr           11%        3d9       45%         4
 Death Channel            Necr           5%         N/A       100%        6
 Discord                  Hex            5%         N/A       100%        8


Dungeon Overview and Level Annotations

Branches:
Dungeon (5/15)
 Temple: D:4-7

Altars:
Trog
Uskayaw
Vehumet
Wu Jian
Zin

Shops:
D:2 :

Annotations:
D:5 Eustachio, Sigmund


Message History

The wyvern zombie is moderately damaged.
You hear a shout!
The stone arrow misses the orc.
The stone arrow hits the orc!!
You kill the orc!
The Council accepts your kill.
An orc priest comes into view. It is wielding a +0 hand axe.
An orc comes into view. It is wielding a +0 dagger.
The stone arrow hits the orc!!
You kill the orc!
The Council accepts your kill.
The orc priest shouts!
The stone arrow hits the wyvern zombie!!
The wyvern zombie is almost destroyed.
The stone arrow hits the orc priest!!
You kill the orc priest!
The Council accepts your kill.
You are too depleted to draw on your mana recklessly!
Found a There-And-Back Book.
The wyvern zombie bites you. The wyvern zombie bites you.
You don't have enough magic to cast this spell.
You see here an iguana corpse.
The wyvern zombie misses you. The wyvern zombie bites you!
The stone arrow hits the wyvern zombie!
The wyvern zombie is almost destroyed.
The wyvern zombie bites you. x2
* * * LOW HITPOINT WARNING * * *
The wyvern zombie barely misses you. The wyvern zombie bites you!
* * * LOW HITPOINT WARNING * * *
It was a potion of flight.
You feel very buoyant.
You fly up into the air.
The wyvern zombie bites you.
* * * LOW HITPOINT WARNING * * *
It was a potion of resistance.
You feel protected. The wyvern zombie bites you!
You die...

#...# #.###### #..[...#
######.####.#
#####......##.#.#
###...........#.#.#
#.†.....####.##.#.#
#.#.##..# #.Z.....#
#.#.##..###.@##.#.#
##.#..........##.#.#
###..####..###.......#
##....................#
............###..##...#
......................#####
#.##........#####.........#
.......................>#.#
#.......................#.#


You could see a wyvern zombie.

Vanquished Creatures
  Grinder (D:3)
  Menkaure (D:4)
  An orc warrior (D:4)
  2 ogres (D:4)
  2 scorpions
  A bullfrog zombie (D:5)
  A hound (D:5)
  2 jellies (D:5)
  2 orc priests (D:5)
  A centaur skeleton (D:4)
  Ijyb (D:4)
  An iguana (D:5)
  Natasha (thrice) (D:4)
  Robin (D:2)
  A gnoll (D:1)
  3 adders
  A worm (D:2)
  2 dart slugs (D:2)
  13 orcs
  5 bats
  6 endoplasms
  5 giant cockroaches
  14 goblins
  10 hobgoblins
  4 quokkas
  6 ball pythons
  3 frilled lizards (D:1)
  10 kobolds
  2 rats
105 creatures vanquished.

Vanquished Creatures (others)
  A plant (D:3)
1 creature vanquished.

Grand Total: 106 creatures vanquished

Notes
Turn   | Place    | Note
-------+----------+-------------------------------------------
     0 | D:1      | Altran the Deep Elf Earth Elementalist began the quest for
                  | the Orb.
     0 | D:1      | Reached XP level 1. HP: 10/10 MP: 6/6
   211 | D:1      | Reached XP level 2. HP: 15/15 MP: 6/8
  1629 | D:1      | Found a hide-covered altar of Uskayaw.
  1711 | D:2      | Reached XP level 3. HP: 4/19 MP: 5/9
  2935 | D:2      | Learned a level 3 spell: Stone Arrow
  3289 | D:2      | Found Ushohur's Book Shoppe.
  3668 | D:2      | Noticed Robin
  3672 | D:2      | Reached skill level 4 in Spellcasting
  3673 | D:2      | Reached XP level 4. HP: 24/24 MP: 8/12
  3720 | D:3      | Found a bloodstained altar of Trog.
  3875 | D:2      | Killed Robin
  4348 | D:2      | Found a faded altar of an unknown god.
  4348 | D:2      | Noticed a Hell Sentinel
  4358 | D:2      | Became a worshipper of the Wu Jian Council
  4358 | D:2      | Reached * piety under Wu Jian
  4529 | D:3      | Noticed Grinder
  4550 | D:3      | Killed Grinder
  4551 | D:3      | Reached skill level 6 in Spellcasting
  4551 | D:3      | Reached skill level 5 in Earth Magic
  4551 | D:3      | Reached XP level 5. HP: 19/28 MP: 7/15
  4551 | D:3      | Reached XP level 6. HP: 22/32 MP: 7/17
  5319 | D:4      | Noticed Ijyb
  5319 | D:4      | Noticed Natasha
  5332 | D:4      | Killed Natasha
  5486 | D:4      | Killed Ijyb
  5581 | D:4      | Reached skill level 7 in Spellcasting
  5598 | D:4      | Noticed Menkaure
  5712 | D:4      | Found a radiant altar of Vehumet.
  5788 | D:4      | Noticed Natasha
  5797 | D:4      | Killed Natasha
  5800 | D:4      | Reached XP level 7. HP: 29/36 MP: 3/20
  5909 | D:4      | Noticed Natasha
  5910 | D:4      | Reached ** piety under Wu Jian
  5913 | D:4      | Killed Natasha
  5970 | D:4      | Found a glowing silver altar of Zin.
  6059 | D:4      | Killed Menkaure
  6060 | D:4      | Reached skill level 8 in Spellcasting
  6060 | D:4      | Reached skill level 1 in Conjurations
  7038 | D:5      | Entered Level 5 of the Dungeon
  7042 | D:5      | Noticed Eustachio
  7497 | D:5      | Noticed Sigmund
  7607 | D:5      | Reached XP level 8. HP: 41/41 MP: 18/22
  7701 | D:5      | Reached skill level 9 in Spellcasting
  7855 | D:5      | HP: 2/41 [wyvern zombie (2)]
  7856 | D:5      | Slain by a wyvern zombie

Illustrated notes

Levels and vault maps discovered:
D:1:      elethiomel_arrival_maze, layout_loops_corners, minmay_hexomino_r4
D:2:      layout_loops_corners, dreamdust_ecumenical_altar_sealed_demon,
          serial_shops, shop, minmay_crystal_water, uniq_robin
D:3:      layout_basic, nicolae_overflow_hidden_temple, corexii_shack,
          uniq_grinder
D:4:      layout_cave_pods, mainiacjoe_overflow_paths, zin_scriptorium,
          uniq_ijyb, uniq_natasha, uniq_menkaure
D:5:      layout_basic, kennysheep_okawaru_gauntlet, minmay_bent, uniq_sigmund,
          uniq_eustachio

Skill      XL: |  1  2  3  4  5  6  7  8 |
---------------+-------------------------+-----
Earth Magic    | 4 5 6 7 |  7.6
Stealth        | 3 4 |  4.1
Spellcasting   | 4 6 7 8 9 |  9.1
Dodging        | 3 |  3.0
Conjurations   | 1 |  1.7
Transmutations | |  1.1

Action                   |  1- 3 |  4- 6 |  7- 9 || total
-------------------------+-------+-------+-------++-------
Melee: Dagger            |    88 |       |       ||    88
 Cast: Sandblast         |    54 |    45 |    19 ||   118
       Stone Arrow       |     2 |    14 |    21 ||    37
  Use: Potion            |       |       |     2 ||     2
 Stab: Sleeping          |     2 |       |       ||     2
Armor: Robe              |    16 |     1 |       ||    17
Dodge: Dodged            |    56 |     4 |     4 ||    64
